 Dungeon Crawl Stone Soup version 0.30-a0-451-ge042605de7 (webtiles) character file.

Game seed: 6440482569204529905

26138 PyroL the Black Sun (level 12, -7/64 (88) HPs)
             Began as a Demonspawn Necromancer on Dec 11, 2022.
             Was a High Priest of Kikubaaqudgha.
             Mangled by a minotaur
             ... wielding a +0 bardiche
              (38 damage)
             ... in a Gauntlet on Dec 12, 2022.
             The game lasted 00:57:06 (21378 turns).

PyroL the Black Sun (Demonspawn Necromancer)       Turns: 21378, Time: 00:57:06

HP:   -7/64 (88)    AC: 20    Str: 15    XL:     12   Next: 95%
MP:   11/27         EV: 11    Int: 18    God:    Kikubaaqudgha [*****.]
Gold: 734           SH:  0    Dex: 14    Spells: 9/33 levels left

rFire   + . .      SeeInvis .    a - +4 war axe "Ozyheh" {spect, rElec rF+ rC+ Int-5}
rCold   + . .      Faith    +    (no shield)
rNeg    . . .      Spirit   .    B - +0 acid dragon scales
rPois   .          Reflect  .    W - +2 helmet {Int+3}
rElec   +          Harm     .    (cloak unavailable)
rCorr   +          Rampage  .    (no gloves)
Will    .....      NoTele   +    p - +0 pair of boots
Stlth   ++........               J - amulet "Daotakhli" {Faith Str+5}
HPRegen 0.30/turn                q - +4 ring of protection
MPRegen 0.20/turn                u - +4 ring of protection

@: weak-willed, very heavily drained
A: molten scales 1, demonic guardian 1, powered by death 3, weakness stinger 3
a: Renounce Religion, Unearth Wretches, Torment


You were in a Gauntlet.
You worshipped Kikubaaqudgha.
Kikubaaqudgha was extremely pleased with you.
You visited 3 branches of the dungeon, and saw 15 of its levels.
You also visited: Gauntlet.

You collected 734 gold pieces.

Inventory:

Hand Weapons
 a - the +4 war axe "Ozyheh" (weapon) {spect, rElec rF+ rC+ Int-5}
   (You found it on level 9 of the Dungeon)

   When its wielder attacks, the weapon's spirit leaps out and strikes again.
   The spirit shares a part of any damage it takes with its wielder.
   Int:       It affects your intelligence (-5).
   rF:        It protects you from fire.
   rC:        It protects you from cold.
   rElec:     It insulates you from electricity.
 r - the +5 dagger of Itisuan {vorpal, Will++}
   (You found it on level 3 of the Dungeon)

   It inflicts extra damage upon your enemies.
   Will:      It greatly increases your willpower.
 U - a +2 battleaxe of venom
Missiles
 g - 2 javelins
 w - 60 poisoned darts
 I - a throwing net
 Q - 5 silver javelins
Armour
 p - a +0 pair of boots (worn)
 B - +0 acid dragon scales (worn)
 C - a +0 helmet
 O - +0 steam dragon scales
 W - a +2 helmet of intelligence (worn)
Jewellery
 q - a +4 ring of protection (left hand)
 u - a +4 ring of protection (right hand)
 E - a ring of ice
 J - the amulet "Daotakhli" (around neck) {Faith Str+5}
   (You found it on level 7 of the Dungeon)

   [amulet of faith]

   It allows you to gain divine favour quickly.
   Str:       It affects your strength (+5).
 K - a ring of willpower
 R - a ring of willpower
 V - the amulet of the Nine Kissing Ears {Acrobat rPois Str+2}
   (You found it in a Gauntlet)

   [amulet of the acrobat]

   It increases your evasion while moving and waiting.
   Str:       It affects your strength (+2).
   rPois:     It protects you from poison.
Wands
 h - a wand of flame (16)
 D - a wand of roots (6)
 F - a wand of acid (4)
 P - a wand of polymorph (6)
 T - a wand of charming (7)
Scrolls
 d - 2 scrolls of poison
 f - 2 scrolls of immolation
 i - 3 scrolls of enchant armour
 l - a scroll of torment {unknown}
 m - 5 scrolls of magic mapping
 s - 2 scrolls of fear
 t - 7 scrolls of teleportation
 v - a scroll of fog {unknown}
 y - 2 scrolls of enchant weapon {unknown}
 A - 4 scrolls of vulnerability
 M - a scroll of acquirement {unknown}
 S - a scroll of blinking {unknown}
Potions
 b - 4 potions of magic
 c - a potion of haste
 e - a potion of heal wounds
 j - 2 potions of lignification
 k - a potion of resistance
 n - a potion of flight
 o - 6 potions of mutation
 x - 4 potions of curing
 z - 2 potions of attraction
 G - a potion of ambrosia
 H - 3 potions of invisibility
 L - a potion of might
 N - a potion of cancellation {unknown}


   Skills:
 - Level 6.0 Fighting
 - Level 1.7 Dodging
 - Level 1.7 Stealth
 + Level 11.0 Spellcasting
 * Level 17.6 Necromancy
 - Level 5.0 Ice Magic
 - Level 5.0 Earth Magic


You had 9 spell levels left.
You knew the following spells:

 Your Spells              Type           Power      Damage    Failure   Level
a - Necrotise             Necr           100%       1d9       0%          1
b - Vampiric Draining     Necr           65%        2d10      1%          3
c - Animate Dead          Necr           65%        N/A       1%          4
d - Kiss of Death         Conj/Necr      100%       2d13      1%          1
e - Anguish               Hex/Necr       20%        N/A       2%          4
f - Death Channel         Necr           32%        N/A       1%          6
g - Borgnjor's Vile Clut  Necr/Erth      25%        N/A       2%          5

Your spell library contained the following spells:

 Spells                   Type           Power      Damage    Failure   Level
 Sublimation of Blood     Necr           65%        N/A       0%          2
 Sandblast                Erth           54%        2d13      1%          1
 Agony                    Necr           65%        N/A       1%          5
 Passwall                 Tmut/Erth      15%        N/A       5%          2
 Magic Dart               Conj           36%        1d4       10%         1
 Summon Small Mammal      Summ           36%        N/A       10%         1
 Stone Arrow              Conj/Erth      36%        3d9       11%         3
 Call Imp                 Summ           9%         N/A       16%         2
 Simulacrum               Ice/Necr       25%        N/A       16%         6
 Call Canine Familiar     Summ           9%         N/A       30%         3
 Mephitic Cloud           Conj/Pois/Air  9%         N/A       30%         3
 Portal Projectile        Hex/Tloc       18%        N/A       30%         3
 Summon Guardian Golem    Hex/Summ       9%         N/A       30%         3
 Animate Armour           Summ/Erth      36%        N/A       34%         4
 Leda's Liquefaction      Hex/Erth       9%         N/A       34%         4
 Summon Forest            Summ/Tloc      4%         N/A       95%         5
 Summon Mana Viper        Hex/Summ       9%         N/A       95%         5
 Summon Cactus Giant      Summ           4%         N/A       100%        6
 Lehudib's Crystal Spear  Conj/Erth      9%         10d4      100%        8
 Necromutation            Tmut/Necr      20%        N/A       100%        8


Dungeon Overview and Level Annotations

Branches:
Dungeon (12/15)            Temple (1/1) D:4            Lair (2/5) D:9
  Swamp (0/4) Lair:2        Snake (0/4) Lair:2          Orc (0/2) D:10
Gauntlet (1/1)

Altars:
Ashenzari
Cheibriados
Dithmenos
Fedhas
Gozag
Hepliaklqana
Kikubaaqudgha
Makhleb
Nemelex Xobeh
Okawaru
Qazlal
Ru
Sif Muna
Trog
Uskayaw
Vehumet
Wu Jian
Xom
Yredelemnul

Annotations:
Gauntlet 8 transporters, 2 runed translucent doors


Innate Abilities, Weirdness & Mutations

You are partially covered in molten scales. (AC +2)
A weak demonic guardian rushes to your aid.
You regenerate a lot of health from kills.
You have a sharp stinger which inflicts weakening toxins.


Message History

The minotaur drinks a potion.
The minotaur is healed!
Casting: Anguish (dangerous; 2% risk of failure)
Confirm with . or Enter, or press ? or * to list all spells.
Okay, then.
Casting: Anguish (dangerous; 2% risk of failure)
Confirm with . or Enter, or press ? or * to list all spells.
Aiming: Borgnjor's Vile Clutch (dangerous; 2% risk of failure)
Press: ? - help, Shift-Dir - straight line, f - minotaur
Aim: a minotaur, wielding a +0 bardiche, wearing the +5 acid dragon scales "Xegiseem" {Rampage Drain rPois rCorr Int+2}, wearing the ring of Tyghiohe {rN+ Int+6 Dex+8} and quivering silver javelins (moderately wounded, weak-willed, ally target, anguished, 100% to hit)
Zombie hands grab the minotaur.
The zombie hands constrict the minotaur.
The minotaur struggles to escape constriction.
The zombie hands lose their grip on something.
You start resting.
Your magical contamination has completely faded away.
You start resting.
A minotaur is nearby!
Casting: Borgnjor's Vile Clutch (dangerous; 2% risk of failure)
Confirm with . or Enter, or press ? or * to list all spells.
Aiming: Kiss of Death (safe; 1% risk of failure)
Press: ? - help, Shift-Dir - straight line, f/p - minotaur
Aim: a minotaur, wielding a +0 bardiche, wearing the +5 acid dragon scales "Xegiseem" {Rampage Drain rPois rCorr Int+2}, wearing the ring of Tyghiohe {rN+ Int+6 Dex+8} and quivering silver javelins (heavily wounded, weak-willed, anguished, 100% to hit)
The negative energy hits the minotaur!
The minotaur resists.
The minotaur is drained!
The minotaur is heavily wounded.
You feel drained.
The minotaur hits you with a +0 bardiche!
The minotaur is wracked by anguish!
The minotaur gores you!
* * * LOW HITPOINT WARNING * * *
The minotaur is wracked by anguish!
Casting: Kiss of Death (safe; 1% risk of failure)
Confirm with . or Enter, or press ? or * to list all spells.
Aiming: Vampiric Draining (safe; 1% risk of failure)
Press: ? - help, Shift-Dir - straight line, f/p - minotaur
Aim: a minotaur, wielding a +0 bardiche, wearing the +5 acid dragon scales "Xegiseem" {Rampage Drain rPois rCorr Int+2}, wearing the ring of Tyghiohe {rN+ Int+6 Dex+8} and quivering silver javelins (almost dead, weak-willed, lightly drained, ally target, anguished)
You draw life force from the minotaur!
You feel life coursing into your body.
The minotaur hits you with a +0 bardiche!!!
Ouch! That really hurt!
You die...
Kikubaaqudgha rasps: "You have failed me!
Welcome... death!"

..........≈##..## .##
#######...##.... ..
.)....#...#....# ..
.#)#..#...#.8©.# .# ####
.#.#.)#...#....# .#8.8=8
.#©#.©#.8.#.8©.###.'.....
.#)#..#...#....#..H#
.#.#..#...#.8©.#Z#.#####
......#...#....#@#.....#
#######...##.....HZ...8#
..........≈##..###.##.##
..8.....8.####.. ....#
..........§###### #####
########...≈#
.#..42.#...##
#..##..#...≈#
##..#.?#...##


You could see a minotaur (weak-willed, drained, ally target, anguished) and 2
friendly meliai zombies.

Vanquished Creatures
  A centaur warrior (D:8)
  3 two-headed ogres
  Erica (D:11)
  A thrashing horror (Gauntlet)
  Urug (D:11)
  An ugly thing (D:12)
  Maurice (D:11)
  6 cane toads (Lair:1)
  Psyche (D:8)
  2 komodo dragons (Lair:1)
  A torpor snail (Lair:1)
  A meliai (Gauntlet)
  2 trolls (D:10)
  A hornet (D:6)
  A vampire (D:8)
  5 wraiths
  3 wyverns
  3 small abominations (Gauntlet)
  16 yaks
  2 basilisks (D:9)
  A steam dragon (D:9)
  Grum (D:8)
  6 vampire mosquitoes (D:11)
  2 acid dragons
  5 water moccasins
  3 ice beasts
  An orc warrior (D:8)
  2 sky beasts
  2 black bears (D:5)
  4 ogres (D:5)
  3 wolves
  4 centaurs
  A phantom (D:5)
  9 kobold brigands
  4 bullfrogs
  A gnoll sergeant (D:6)
  5 scorpions
  4 wights
  29 killer bees
  2 howler monkeys
  6 electric eels (D:8)
  3 hounds
  2 gnoll boudas
  2 jellies
  8 orc priests
  Terence (D:3)
  3 iguanas
  11 orc wizards
  9 gnolls
  8 adders
  A shadow imp (D:7)
  2 ufetubi
  2 worms
  A dart slug (D:1)
  42 orcs
  9 endoplasms
  2 giant cockroaches
  5 goblins
  8 hobgoblins
  A jackal (D:1)
  3 quokkas
  8 ball pythons
  3 bats
  3 frilled lizards
  40 kobolds
  3 rats
328 creatures vanquished.

Vanquished Creatures (collateral kills)
  An oklob plant (Lair:1)
  A cyclops (D:11)
  A torpor snail (Lair:1)
  A rime drake (Lair:1)
  A meliai (Gauntlet)
  A blink frog (Lair:1)
  7 yaks
  A steam dragon (D:9)
  A water moccasin (Lair:2)
  A black bear (Lair:1)
  2 centaurs
  8 killer bees
  A hound (D:5)
  A gnoll (D:6)
  4 orcs
  A ball python (D:4)
  3 kobolds
  A frilled lizard (D:2)
  A rat (D:3)
38 creatures vanquished.

Vanquished Creatures (others)
  Josephine (D:11)
  A thrashing horror (Gauntlet)
  A komodo dragon (Lair:2)
  A meliai (Gauntlet)
  2 blink frogs (Lair:1)
  A meliai zombie (Gauntlet)
  2 yaks
  A human zombie (D:11)
  A centaur (D:11)
  A bullfrog (Lair:1)
  5 yak zombies
  A killer bee (Lair:1)
  4 centaur zombies (D:11)
  7 killer bee zombies
  2 ogre zombies (D:5)
  A gnoll (D:9)
  An endoplasm zombie (D:3)
  A gnoll zombie (D:6)
  A kobold (D:9)
  11 kobold zombies
  12 orc zombies
  3 bushes (D:9)
  4 fungi
  42 plants
107 creatures vanquished.

Grand Total: 473 creatures vanquished

Notes
Turn   | Place    | Note
-------+----------+-------------------------------------------
     0 | D:1      | PyroL the Demonspawn Necromancer began the quest for the
                  | Orb.
     0 | D:1      | Reached XP level 1. HP: 13/13 MP: 3/3
   243 | D:1      | Gained mutation: You regenerate a little health from kills.
                  | [demonic ancestry]
   243 | D:1      | Reached XP level 2. HP: 19/19 MP: 1/5
   795 | D:1      | Reached XP level 3. HP: 23/24 MP: 7/7
   873 | D:1      | Reached skill level 5 in Necromancy
  1298 | D:2      | Learned a level 3 spell: Vampiric Draining
  1918 | D:2      | Gained mutation: You regenerate health from kills. [demonic
                  | ancestry]
  1918 | D:2      | Reached XP level 4. HP: 30/30 MP: 4/8
  2366 | D:3      | Learned a level 4 spell: Animate Dead
  2823 | D:3      | Noticed Terence
  2836 | D:3      | Killed Terence
  2837 | D:3      | Reached XP level 5. HP: 35/35 MP: 1/10
  2933 | D:3      | Identified the +5 dagger of Itisuan {vorpal, Will++}
  3077 | D:3      | Got Kikubaaqudgha's Guidebook on Evil Rites
  3080 | D:3      | Learned a level 1 spell: Kiss of Death
  3196 | D:3      | Found a bloodstained altar of Trog.
  3198 | D:3      | Found a hide-covered altar of Uskayaw.
  3370 | D:3      | Reached skill level 6 in Necromancy
  3757 | D:4      | Gained mutation: You have a small tail. [demonic ancestry]
  3757 | D:4      | Reached XP level 6. HP: 37/41 MP: 1/12
  3939 | D:4      | Reached skill level 7 in Necromancy
  4097 | D:4      | Found a staircase to the Ecumenical Temple.
  4108 | Temple   | Entered the Ecumenical Temple
  4139 | Temple   | Became a worshipper of Kikubaaqudgha
  4303 | D:4      | Noticed an angel
  4406 | D:5      | Entered Level 5 of the Dungeon
  4782 | D:5      | Gained mutation: You are partially covered in molten
                  | scales. (AC +2) [demonic ancestry]
  4782 | D:5      | Reached XP level 7. HP: 46/46 MP: 6/14
  4857 | D:5      | Reached skill level 8 in Necromancy
  5002 | D:5      | Reached skill level 5 in Spellcasting
  5438 | D:5      | Reached skill level 9 in Necromancy
  5488 | D:5      | Gained mutation: You regenerate a lot of health from kills.
                  | [demonic ancestry]
  5488 | D:5      | Reached XP level 8. HP: 46/52 MP: 0/16
  6135 | D:5      | Reached skill level 10 in Necromancy
  6410 | D:6      | Noticed a hornet
  6420 | D:6      | Killed a hornet
  6420 | D:6      | Reached * piety under Kikubaaqudgha
  6420 | D:6      | Received a gift from Kikubaaqudgha
  6837 | D:6      | Reached skill level 11 in Necromancy
  6910 | D:6      | Reached XP level 9. HP: 57/57 MP: 15/19
  7808 | D:6      | Reached skill level 1 in Fighting
  8884 | D:7      | Identified the amulet "Daotakhli" {Faith Str+5}
  9273 | D:7      | Reached skill level 5 in Fighting
  9843 | D:8      | Noticed Psyche
  9871 | D:8      | Killed Psyche
 10071 | D:8      | Reached ** piety under Kikubaaqudgha
 10072 | D:8      | Reached skill level 1 in Ice Magic
 10319 | D:8      | Noticed Grum
 10372 | D:8      | Killed Grum
 10501 | D:8      | Gained mutation: You have a tail ending in a sharp stinger.
                  | [demonic ancestry]
 10501 | D:8      | Reached XP level 10. HP: 62/76 MP: 21/21
 10895 | D:8      | Reached skill level 12 in Necromancy
 11104 | D:8      | Noticed a centaur warrior
 11823 | D:9      | Found a staircase to the Lair.
 12491 | D:9      | Reached *** piety under Kikubaaqudgha
 12491 | D:9      | Received a gift from Kikubaaqudgha
 12645 | D:9      | Learned a level 4 spell: Anguish
 12652 | D:9      | Learned a level 6 spell: Death Channel
 12658 | D:9      | Learned a level 5 spell: Borgnjor's Vile Clutch
 12685 | D:9      | Found a sparkling altar of Nemelex Xobeh.
 12754 | D:9      | Identified the +4 war axe "Ozyheh" {spect, rElec rF+ rC+
                  | Int-5}
 13689 | D:9      | Found a blossoming altar of Fedhas.
 13724 | D:9      | Reached skill level 1 in Earth Magic
 14519 | D:9      | Reached skill level 13 in Necromancy
 14759 | D:8      | Killed a centaur warrior
 14874 | D:8      | Gained mutation: You have a sharp stinger which inflicts
                  | weakening toxins. [demonic ancestry]
 14874 | D:8      | Reached XP level 11. HP: 58/81 MP: 9/23
 15031 | D:10     | Entered Level 10 of the Dungeon
 15039 | D:10     | Noticed a two-headed ogre
 15049 | D:10     | Killed a two-headed ogre
 15050 | D:10     | Reached skill level 5 in Ice Magic
 15390 | D:10     | Reached **** piety under Kikubaaqudgha
 16201 | D:10     | Found a staircase to the Orcish Mines.
 16633 | D:11     | Reached skill level 5 in Earth Magic
 16796 | D:11     | Noticed a two-headed ogre
 16813 | D:11     | Killed a two-headed ogre
 16814 | D:11     | Reached skill level 14 in Necromancy
 17113 | D:11     | Noticed a two-headed ogre
 17117 | D:11     | Noticed Josephine
 17703 | D:11     | Noticed Erica
 17715 | D:11     | Killed Erica
 17807 | D:11     | Your ally Erica died
 17810 | D:11     | Killed a two-headed ogre
 18197 | D:11     | Killed Josephine
 18198 | D:11     | Reached skill level 15 in Necromancy
 18256 | D:11     | Noticed Urug
 18268 | D:11     | Killed Urug
 18515 | D:11     | Gained mutation: A weak demonic guardian rushes to your
                  | aid. [demonic ancestry]
 18515 | D:11     | Reached XP level 12. HP: 82/88 MP: 23/25
 18528 | D:11     | Noticed Maurice
 18550 | D:11     | Killed Maurice
 18861 | Lair:1   | Entered Level 1 of the Lair of Beasts
 18976 | Lair:1   | Reached ***** piety under Kikubaaqudgha
 19128 | Lair:1   | Reached skill level 10 in Spellcasting
 19128 | Lair:1   | Reached skill level 16 in Necromancy
 19765 | Lair:1   | Reached skill level 17 in Necromancy
 19899 | Lair:1   | Found an opulent altar of Gozag.
 20577 | Lair:2   | Found a gate leading to a gauntlet.
 20588 | Gauntlet | Entered a Gauntlet
 20588 | Gauntlet | Found a transporter.
 20591 | Gauntlet | Noticed a cacodemon
 20683 | Gauntlet | Found a transporter.
 20700 | Gauntlet | Found a transporter.
 20706 | Gauntlet | Found a transporter.
 20728 | Gauntlet | Found a transporter.
 20738 | Gauntlet | Found a transporter.
 20741 | Gauntlet | Found a transporter.
 20758 | Gauntlet | Noticed a reaper
 20767 | Gauntlet | Found a transporter.
 20771 | Gauntlet | Found a transporter.
 20771 | Gauntlet | Found a transporter.
 20772 | Gauntlet | Noticed a quicksilver ooze
 20777 | Gauntlet | Found a runed translucent door.
 20781 | Gauntlet | Found a transporter.
 20788 | Gauntlet | Found a runed translucent door.
 20822 | Gauntlet | Found a transporter.
 21098 | Gauntlet | Identified the amulet of the Nine Kissing Ears {Acrobat
                  | rPois Str+2}
 21360 | Gauntlet | Identified the +5 acid dragon scales "Xegiseem" {Rampage
                  | Drain rPois rCorr Int+2}
 21360 | Gauntlet | Identified the ring of Tyghiohe {rN+ Int+6 Dex+8}
 21360 | Gauntlet | Noticed a minotaur
 21378 | Gauntlet | Mangled by a minotaur

Illustrated notes

Levels and vault maps discovered:
D:1:      dpeg_arrival_morbid_curiosity, layout_basic, serial_forest,
          infiniplex_forest_corner_2, infiniplex_forest_zigzag_1,
          infiniplex_forest_lined_1, infiniplex_forest_clump_diagonal,
          infiniplex_forest_lined_room_2, infiniplex_forest_end_double,
          infiniplex_forest_corner_1, infiniplex_forest_clump_long,
          infiniplex_forest_straight_2, serial_bayou_ford_a, serial_park_tiny_1,
          minmay_tiny_reverse_x
D:2:      layout_rooms, minivault_23
D:3:      layout_loops_ring, minitemple, uniq_terence
D:4:      layout_basic, zin_angel, minmay_temple_entry_nine_rooms
D:5:      layout_loops_ring, kennysheep_small_square
D:6:      layout_gridville
D:7:      layout_gridville
D:8:      cheibrodos_two_vegetables, layout_loops_ring,
          minmay_misc_feat_nine_boxes, nrook_campfire, nrook_mini_backslash,
          uniq_grum, uniq_psyche
D:9:      layout_irregular_city, nicolae_overflow_crystal_walls,
          general_overflow_altar, minmay_lair_entry_grove
D:10:     layout_loops_ring, orc_0_dummy, st_stairs_9
D:11:     layout_basic, uniq_erica, uniq_maurice, uniq_urug, uniq_josephine
D:12:     layout_rooms, enter_trove_3, nicolae_qazlal_style_of_elements
Temple:   sentei_temple_godly_chess
Lair:1:   wad_woods_minihive, layout_cave_pods, enter_volcano_4,
          chequers_serial_rivers_micro_d, lemuel_oklob_altar
Lair:2:   layout_gridlike, swamp_mist, guppyfry_snake_entry_garden,
          special_room, gauntlet_entry_generic, cheibrodos_lair_reptile_den,
          lemuel_fruit_fields, uniq_amaemon
Gauntlet: minmay_gauntlet_mixed_oops_all_seconds [minmay_gauntlet_arena_77_box,
          nicolae_gauntlet_arena_grate_2, minmay_gauntlet_arena_77_shame_cube,
          gammafunk_gauntlet_arena_spirals,
          minmay_gauntlet_arena_77_chump_sandwich,
          gammafunk_gauntlet_arena_teeth,
          nicolae_gauntlet_exit_dead_adventurers]

Skill      XL: |  1  2  3  4  5  6  7  8  9 10 11 12 |
---------------+-------------------------------------+-----
Necromancy     | 5 6 7 9 11 13 15 17 | 17.6
Spellcasting   | 3 4 5 6 7 8 9 11 | 11.0
Fighting       | 6 |  6.0
Ice Magic      | 2 4 5 |  5.0
Earth Magic    | 3 5 |  5.0
Dodging        | |  1.7
Stealth        | |  1.7

Action                   |  1- 3 |  4- 6 |  7- 9 | 10-12 || total
-------------------------+-------+-------+-------+-------++-------
Melee: Mace              |     9 |       |       |       ||     9
       Spear             |    27 |    15 |       |       ||    42
       Punch             |     1 |       |     3 |    14 ||    18
       Dagger            |       |    19 |   220 |   106 ||   345
       Tailslap          |       |     1 |    41 |    68 ||   110
       War axe           |       |       |       |   300 ||   300
 Cast: Necrotise         |    64 |    79 |   102 |   135 ||   380
       Vampiric Draining |     1 |    12 |    55 |    82 ||   150
       Animate Dead      |       |     3 |     9 |    12 ||    24
       Kiss of Death     |       |       |     1 |     4 ||     5
       Death Channel     |       |       |       |    11 ||    11
       Anguish           |       |       |       |    22 ||    22
       Borgnjor's Vile C |       |       |       |    30 ||    30
  Use: Scroll            |       |       |    13 |    10 ||    23
       Potion            |       |       |       |     7 ||     7
 Stab: Sleeping          |     1 |       |       |       ||     1
       Distracted        |       |     1 |       |     1 ||     2
Armor: Robe              |    11 |    18 |   131 |    42 ||   202
       Steam dragon scal |       |       |       |   333 ||   333
       Acid dragon scale |       |       |       |    25 ||    25
Dodge: Dodged            |    30 |    22 |   168 |   427 ||   647

Table legend: (Time is in decaauts)
 A = Elapsed time spent in this place.
 B = Non-inter-level travel time spent in this place.
 C = Inter-level travel time spent in this place.
 D = Time resting spent in this place.
 E = Time spent auto-exploring this place.
 F = Levels seen in this place.
 G = Mean time per level.
                   A        B        C        D        E       F      G
               +--------+--------+--------+--------+--------+-----+--------+
         Total |  21691 |  20890 |    801 |   5964 |  10932 |  16 | 1355.7 |
       Dungeon |  19064 |  18326 |    738 |   5518 |   9465 |  12 | 1588.7 |
        Temple |     40 |     40 |      0 |      0 |     23 |   1 |   40.0 |
          Lair |   1793 |   1730 |     63 |    112 |   1240 |   2 |  896.5 |
      Gauntlet |    793 |    793 |      0 |    334 |    204 |   1 |  793.0 |
               +--------+--------+--------+--------+--------+-----+--------+

Top non-repeatable levels by time:
     D:8: 2672 daAuts
     D:9: 2186 daAuts
     D:5: 2097 daAuts
    D:10: 2021 daAuts
    D:11: 1941 daAuts
     D:6: 1816 daAuts
  Lair:1: 1749 daAuts
     D:7: 1593 daAuts
     D:3: 1327 daAuts
     D:1: 1294 daAuts
     D:2: 1066 daAuts
     D:4: 984 daAuts
Gauntlet: 793 daAuts
    D:12: 61 daAuts
  Lair:2: 43 daAuts
